Map: Moonlight Madness LE (Void)

Players

Eretike - Winner!

  • Race: Zerg Zerg
  • League: Bronze

wabbajack

  • Race: Zerg Zerg
  • League: Bronze

VOD

Have the link to the VOD?

Description

Time

  • Played on: July 16, 2015, 3:34 p.m.
  • Length: 8:44
Show
View Real Time Build Order
Export as new Build Order

Eretike Zerg - Winner!

Build Orders: Hatch First 

Get SALT Encoding   

  12  0:01  Drone  
  13  0:08  Drone  
  14  0:16  Overlord  
  14  0:23  Drone, Extractor  
  15  0:35  Drone x2  
  17  0:56  Hatchery  
  16  0:59  Drone  
  17  1:11  Spawning Pool  
  17  1:13  Drone  
  17  1:17  Drone  
  18  1:20  Extractor  
  18  1:22  Drone  
  18  1:28  Drone  
  19  1:38  Overlord  
  19  1:49  Drone  
  20  1:59  Queen  
  20  2:00  Drone  
  23  2:08  Queen  
  23  2:09  Drone  
  23  2:11  Overlord  
  26  2:27  Drone x2  
  28  2:34  Queen  
  30  2:44  Queen  
  30  2:47  Drone x4  
  36  3:01  Drone x2  
  36  3:02  Roach Warren  
  37  3:17  Lair  
  37  3:20  Drone  
  37  3:21  Drone x6  
  37  3:24  Overlord  
  44  3:27  Extractor  
  44  3:30  Extractor  
  42  3:47  Roach  
  42  3:48  Roach x4  
  52  3:49  Evolution Chamber  
  52  3:52  Evolution Chamber  
  50  4:00  Roach  
  50  4:02  Overlord x3  
  52  4:14  Overlord x2  
  52  4:23  Spine Crawler  
  51  4:34  Zerg Missile Weapons Level 1  
  53  4:38  Roach x2  
  53  4:39  Roach x2  
  53  4:40  Drone  
  53  4:41  Drone x2  
  62  4:59  Roach x2  
  58  5:13  Roach x2  
  60  5:25  Roach  
  60  5:26  Overlord x2  
  62  5:32  Drone  
  62  5:33  Drone x2, Extractor  
  64  5:48  Drone x3  
  63  6:07  Hatchery, Roach  
  63  6:08  Roach x4  
  63  6:11  Drone x2  
  70  6:31  Roach  
  70  6:32  Roach x3  
  78  6:37  Roach  
  78  6:49  Roach x3  
  78  7:00  Roach x2  
  80  7:05  Roach  
  80  7:06  Roach  
  74  7:15  Roach  
  74  7:16  Roach  
  74  7:20  Drone x3  
  74  7:22  Drone  
  80  7:28  Queen  
  82  7:30  Drone x3  
  85  7:37  Roach  
  87  7:49  Roach x4  
  87  8:01  Roach x7  
  87  8:02  Roach  
  83  8:15  Roach x5  
  93  8:23  Roach  
  93  8:24  Roach  
Show
View Real Time Build Order
Export as new Build Order

wabbajack Zerg 

Build Orders: Hatch First 

Get SALT Encoding   

  12  0:01  Drone  
  13  0:15  Overlord  
  13  0:22  Drone  
  13  0:26  Extractor  
  13  0:27  Drone, Extractor  
  13  0:30  Drone  
  15  0:57  Hatchery  
  14  1:14  Spawning Pool  
  14  1:16  Drone  
  14  1:23  Drone  
  15  1:27  Drone  
  16  1:41  Evolution Chamber  
  16  1:44  Drone  
  16  1:45  Drone  
  17  1:54  Drone  
  18  2:01  Queen  
  20  2:14  Zerg Ground Armor Level 1  
  20  2:23  Queen  
  22  2:32  Drone  
  22  2:36  Metabolic Boost  
  23  2:54  Drone x2  
  23  2:56  Overlord  
  23  2:57  Overlord  
  25  3:00  Drone  
  26  3:07  Zergling x4  
  28  3:15  Zergling x4  
  28  3:16  Zergling x2  
  28  3:18  Zergling x2  
  28  3:19  Zergling x2  
  33  3:23  Zergling x2  
  34  3:34  Zergling x2  
  34  3:35  Zergling x8  
  34  3:37  Zergling x2  
  40  3:52  Baneling Nest, Zergling x6  
  40  3:54  Zergling x2  
  43  3:55  Zergling x2  
  43  4:01  Overlord  
  44  4:27  Lair  
  44  4:28  Drone  
  44  4:29  Drone x6  
  47  4:50  Roach Warren  
  31  5:24  Overlord  
  31  5:25  Overlord  
  31  5:29  Extractor  
  31  5:30  Roach  
  31  5:31  Roach x6  
  31  5:34  Overlord  
  44  5:37  Roach, Zergling x2  
  44  5:38  Zergling x10  
  46  6:15  Zerg Melee Weapons Level 1  
  46  6:24  Zergling x20  
  46  6:25  Zergling x8  
  60  6:26  Hatchery  
  55  6:54  Ravager  
  39  7:33  Zergling x26  
  52  7:38  Queen  
  54  7:45  Drone  
  36  8:25  Drone  
  36  8:26  Drone x4  
  36  8:27  Drone x6  
  46  8:41  Hydralisk Den  
Tags
 
Add a new tag
Caveats
  • Supply blocks, unpowered buildings, or Contaminate may cause inaccurate times.
  • Supply counts are checked every 10 seconds.